 Dungeon Crawl Stone Soup version 0.17-a0-1181-gabc46e6 (webtiles) character file.

24110 Hanyuu the Martial Artist (level 13, -14/88 HPs)
             Began as an Octopode Transmuter on June 1, 2015.
             Was a High Priest of Makhleb.
             Demolished by a death yak (21 damage)
             ... on level 5 of the Lair of Beasts.
             The game lasted 01:10:49 (20087 turns).

Hanyuu the Martial Artist (Octopode Transmuter)    Turns: 20087, Time: 01:10:50

Health: -14/88     AC:  3    Str:  9    XL:     13   Next: 11%
Magic:  18/32      EV: 17    Int: 17    God:    Makhleb [*****.]
Gold:   742        SH:  0    Dex: 16    Spells: 5 memorised, 11 levels left

rFire  + + .     SeeInvis .       - Unarmed
rCold  + . .     Clarity  +     (shield currently unavailable)
rNeg   . . .     SustAt   .     K - +2 hat
rPois  +         Gourm    .     (no amulet)
rElec  .         Spirit   .     e - ring of poison resistance
rCorr  .         Warding  .     p - ring of protection from fire
rMut   .         Stasis   .     F - ring of magical power
MR     +....                    n - ring of protection from cold
Stlth  +++.......               P - ring of protection from magic
                                Q - ring of protection from fire
                                (no ring)
                                (no ring)

@: blade tentacles (expiring), very slightly contaminated, somewhat resistant to
hostile enchantments, fairly stealthy
A: almost no armour, amphibious, 8 rings, constrict 8, camouflage 1, clarity,
gelatinous body 1
a: End Transformation, Minor Destruction, Lesser Servant of Makhleb, Major
Destruction, Greater Servant of Makhleb, Renounce Religion


You were on level 5 of the Lair of Beasts.
You worshipped Makhleb.
Makhleb was extremely pleased with you.
You were very hungry.
You had blades for tentacles.
You visited 3 branches of the dungeon, and saw 16 of its levels.

You collected 902 gold pieces.
You spent 160 gold pieces at shops.

Inventory:

Hand weapons
 b - a +0 blowgun
Missiles
 c - 192 arrows
 D - 29 poisoned needles
 N - 3 needles of confusion
 S - 8 tomahawks of returning (quivered)
Armour
 K - a +2 hat (worn)
Jewellery
 e - a ring of poison resistance (left scythe-like blade)
 n - a ring of protection from cold (on tentacle)
 o - an uncursed ring of ice
 p - a ring of protection from fire (right scythe-like blade)
 t - an uncursed amulet of guardian spirit
 z - a cursed ring of teleportation
 F - a ring of magical power (on tentacle)
 P - a ring of protection from magic (on tentacle)
 Q - a ring of protection from fire (on tentacle)
Magical devices
 r - a wand of digging (21)
 v - a wand of cold (1)
 G - a wand of lightning (6)
 O - a wand of fire (6)
 T - a wand of slowing (12)
 U - a wand of paralysis (9)
 W - a wand of confusion (41)
Scrolls
 d - 2 scrolls of teleportation
 g - a scroll of enchant weapon
 j - a scroll of recharging
 s - 5 scrolls of identify
 y - 7 scrolls of remove curse
 A - a scroll of immolation
 C - 4 scrolls of amnesia
 M - 2 scrolls of fog
Potions
 h - a potion of brilliance
 l - 3 potions of curing
 w - a potion of lignification
 E - 2 potions of ambrosia
 H - a potion of cure mutation
 J - 2 potions of berserk rage
 R - a potion of cancellation
 V - a potion of flight
Books
 x - an Akashic Record {highlevel, unknown}

   This book is beyond your current level of understanding.

   Spells                             Type                      Level
   a - Dispersal                      Translocation                6
   b - Controlled Blink               Translocation                7
   c - Malign Gateway                 Summoning/Translocation      7
   d - Disjunction                    Translocation                8
   e - Singularity                    Translocation                9
 B - a book of Changes

   Spells                             Type                      Level
   a - Beastly Appendage              Transmutation                1
   b - Sticks to Snakes               Transmutation                2
   c - Spider Form                    Transmutation/Poison         3
   d - Ice Form                       Ice/Transmutation            4
   e - Blade Hands                    Transmutation                5
 L - a book of Alchemy

   Spells                             Type                      Level
   a - Sublimation of Blood           Necromancy                   2
   b - Ignite Poison                  Fire/Transmutation/Poison    3
   c - Alistair's Intoxication        Transmutation/Poison         4
   d - Condensation Shield            Ice                          4
   e - Petrify                        Transmutation/Earth          4
   f - Irradiate                      Conjuration/Transmutation    5
Comestibles
 a - 6 bread rations
 f - a chunk of flesh
 k - 11 fruits
 m - 2 slices of pizza
 q - 11 royal jellies
 u - 5 meat rations
 I - 4 beef jerkies


   Skills:
 - Level 8.0 Fighting
 - Level 1.0 Throwing
 - Level 8.0 Dodging
 * Level 14.9 Unarmed Combat
 - Level 7.0 Spellcasting
 - Level 8.0 Transmutations
 + Level 2.0 Ice Magic
 - Level 1.0 Poison Magic
 - Level 1.0 Invocations


You had 11 spell levels left.
You knew the following spells:

 Your Spells              Type           Power        Failure   Level  Hunger
a - Beastly Appendage     Trmt           ####..       12%         1    None
b - Sticks to Snakes      Trmt           ####......   14%         2    None
c - Spider Form           Trmt/Pois      ###.......   41%         3    ##.....
d - Ice Form              Ice/Trmt       ###.....     58%         4    ####...
e - Blade Hands           Trmt           ####......   54%         5    #####..


Dungeon Overview and Level Annotations

Branches:
Dungeon (10/15)            Temple (1/1) D:6            Lair (5/8) D:10
 Shoals (0/4) Lair:5        Snake (0/4) Lair:5          Orc (0/4) D:10

Altars:
Ashenzari
Cheibriados
Dithmenos
Elyvilon
Fedhas
Gozag
Kikubaaqudgha
Makhleb
Nemelex Xobeh
Okawaru
Qazlal
Ru
Sif Muna
Trog
Vehumet
Xom
Yredelemnul
Zin
The Shining One

Shops:
D:4 }   D:5 }   D:8 (   D:10 [

Annotations:
D:10 1 exclusion


Innate Abilities, Weirdness & Mutations

You cannot wear most types of armour.
You are amphibious.
You can wear up to eight rings at the same time.
You can use your tentacles to constrict eight enemies at once.
Your skin changes colour to match your surroundings (Stealth).
Your rubbery body absorbs attacks (AC +1).
You possess an exceptional clarity of mind.


Message History

The death yak closely misses you. The death yak barely misses you.
You hit the death yak. You slash the death yak!
The death yak is severely wounded.
The death yak gores you!! The death yak completely misses you.
You hit the death yak.
The death yak is severely wounded.
The death yak misses you. The death yak gores you!!
The death yak barely misses you. The death yak gores you!!
* * * LOW HITPOINT WARNING * * *
Read which item? (? for menu, Esc to quit)
Okay, then.
Drink which item? (? for menu, Esc to quit)
You feel much better. The death yak gores you! The death yak gores you!!
* * * LOW HITPOINT WARNING * * *
The death yak gores the plant.
Casting: Blade Hands
Confirm with . or Enter, or press ? or * to list all spells.
You miscast Spider Form.
Nothing appears to happen.
The death yak barely misses you. The death yak gores you!!
You die...

........## ###..≈≈≈.≈≈≈≈≈........
.........###.#.≈≈≈≈P..≈≈≈≈.......
....P#.........≈≈.)P...P≈≈.......
........#.....≈≈≈.≈.>.≈.≈≈)#.....
.......#.......≈≈....≈.≈≈≈≈≈##...
........###....≈≈≈≈P...≈≈≈.####..
.........P....#.Y≈≈...≈≈≈.####.#.
P...#P.......##≈YYY≈≈≈≈≈...#P####
............###.@PY≈≈≈≈..#)....#.
...........#.#.P......≈####......
###..PP...#...P......#..####.....
#.##..P.####.......##....###..P..
.##PPP..# #........##.....##.#...
.#..P..## #.......#..#..P..#.....
.......####..###...##.........##.
....##....#..# ###.#.....#.P###P.
....P.....#..# #.#........# #P.


You could see 5 death yaks.

Vanquished Creatures
  Josephine (Lair:5)
  Fannar (Lair:2)
  A hydra (Lair:1)
  The ghost of panicbit the Blocker, an experienced MiFi of Okawaru (D:6)
  A hill giant (D:10)
  A griffon (Lair:3)
  2 ugly things
  2 black mambas
  The ghost of B1inky the Transmogrifier, an experienced SpTm (D:8)
  7 spiny frogs
  4 komodo dragons
  2 wandering mushrooms (D:9)
  A fire drake (Lair:1)
  Grinder (D:5)
  A snapping turtle (Lair:5)
  11 blink frogs
  A trapdoor spider (D:10)
  17 yaks
  7 wraiths
  Eustachio (D:6)
  A hungry ghost (D:8)
  2 basilisks (Lair:2)
  2 wyverns
  2 hippogriffs
  Menkaure (D:6)
  2 nagas (Lair:5)
  6 wolves
  Duvessa (D:6)
  2 water moccasins
  4 orc warriors
  6 porcupines
  2 wasps (D:8)
  A sky beast (D:8)
  3 ogres (D:8)
  2 black bears
  3 phantoms
  5 centaurs
  3 ice beasts
  10 crocodiles
  17 giant frogs
  A brain worm (D:8)
  A gnoll sergeant (D:6)
  Dowan (D:6)
  5 killer bees (D:8)
  4 wights (D:8)
  2 centaur zombies
  2 electric eels
  2 orc priests
  5 hounds
  3 jellies
  A centaur skeleton (D:5)
  2 crimson imps (D:6)
  Ijyb (D:2)
  An iron imp (D:6)
  7 orc wizards
  3 iguanas
  9 worker ants
  7 sheep (Lair:5)
  A killer bee zombie (D:10)
  14 adders
  4 gnolls (D:6)
  22 river rats
  3 shadow imps
  2 worms
  An adder skeleton (D:9)
  4 giant geckos
  32 orcs
  12 bats
  19 hobgoblins
  7 jackals
  5 quokkas
  3 giant cockroaches
  A giant gecko skeleton (D:8)
  5 giant newts
  13 goblins
  13 kobolds
  A quokka zombie (D:9)
  11 rats
  A fungus (Lair:1)
  A plant (Lair:1)
371 creatures vanquished.

Vanquished Creatures (collateral kills)
  An ice beast (D:7)
1 creature vanquished.

Grand Total: 372 creatures vanquished

Notes
Turn   | Place    | Note
--------------------------------------------------------------
     0 | D:1      | Hanyuu the Octopode Transmuter began the quest for the Orb.
     0 | D:1      | Reached XP level 1. HP: 13/13 MP: 3/3
   364 | D:1      | Reached XP level 2. HP: 15/18 MP: 5/5
  1251 | D:2      | Reached skill level 4 in Unarmed Combat
  1359 | D:2      | Reached XP level 3. HP: 5/23 MP: 4/6
  1367 | D:2      | Learned a level 2 spell: Sticks to Snakes
  1371 | D:2      | Learned a level 3 spell: Spider Form
  1683 | D:2      | Reached skill level 1 in Poison Magic
  1876 | D:2      | Noticed Ijyb
  1887 | D:2      | Killed Ijyb
  1887 | D:2      | Reached XP level 4. HP: 25/28 MP: 3/7
  1942 | D:2      | Reached skill level 5 in Unarmed Combat
  2864 | D:3      | Reached XP level 5. HP: 32/34 MP: 4/8
  2913 | D:3      | Found a deep blue altar of Sif Muna.
  3086 | D:3      | Found a glowing silver altar of Zin.
  3297 | D:4      | Found Yhuy's Gadget Shop.
  3570 | D:4      | Found a radiant altar of Vehumet.
  3572 | D:4      | Found a shimmering altar of Xom.
  3660 | D:4      | Reached XP level 6. HP: 25/39 MP: 6/9
  3669 | D:4      | Reached skill level 6 in Unarmed Combat
  3810 | D:4      | Found a white marble altar of Elyvilon.
  4014 | D:5      | Entered Level 5 of the Dungeon
  4042 | D:5      | Found Usona's Gadget Shoppe.
  4792 | D:5      | Reached XP level 7. HP: 17/45 MP: 3/10
  4982 | D:5      | Noticed Grinder
  4994 | D:5      | Killed Grinder
  4994 | D:5      | Reached skill level 7 in Unarmed Combat
  5466 | D:6      | Noticed panicbit's ghost (experienced MiFi)
  5493 | D:6      | Reached skill level 8 in Unarmed Combat
  5541 | D:6      | Killed panicbit's ghost
  5541 | D:6      | Reached skill level 9 in Unarmed Combat
  5541 | D:6      | Reached XP level 8. HP: 14/50 MP: 2/11
  6064 | D:6      | Reached skill level 10 in Unarmed Combat
  6443 | D:6      | Found a snail-covered altar of Cheibriados.
  6512 | D:6      | Noticed Eustachio
  6524 | D:6      | Killed Eustachio
  6561 | D:6      | Reached XP level 9. HP: 32/54 MP: 12/12
  6727 | D:6      | Noticed Menkaure
  6741 | D:6      | Killed Menkaure
  7490 | D:6      | Gained mutation: You possess an exceptional clarity of mind. [potion of beneficial mutation]
  7546 | D:6      | Noticed Duvessa
  7546 | D:6      | Noticed Dowan
  7557 | D:6      | Killed Duvessa
  7567 | D:6      | Killed Dowan
  7683 | D:6      | Found a staircase to the Ecumenical Temple.
  7699 | Temple   | Entered the Ecumenical Temple
  7759 | Temple   | Became a worshipper of Makhleb the Destroyer
  8016 | D:7      | Reached skill level 5 in Dodging
  8687 | D:8      | Found a glowing golden altar of the Shining One.
  9000 | D:8      | Reached skill level 11 in Unarmed Combat
  9035 | D:8      | Acquired Makhleb's first power
  9038 | D:8      | Noticed B1inky's ghost (experienced SpTm)
  9055 | D:8      | Killed B1inky's ghost
  9146 | D:8      | Reached skill level 5 in Spellcasting
  9146 | D:8      | Reached XP level 10. HP: 63/63 MP: 12/17
  9158 | D:8      | Found Buokhu Nyhad's Weapon Boutique.
  9203 | D:8      | Reached skill level 1 in Invocations
  9946 | D:8      | Acquired Makhleb's second power
 10356 | D:9      | Noticed a red ugly thing
 10640 | D:9      | Killed a red ugly thing
 10640 | D:9      | Reached skill level 12 in Unarmed Combat
 10640 | D:9      | Reached skill level 5 in Transmutations
 11001 | D:9      | Reached skill level 5 in Fighting
 11007 | D:9      | Learned a level 4 spell: Ice Form
 11076 | D:9      | Acquired Makhleb's third power
 11241 | D:9      | Found a bloodstained altar of Trog.
 11365 | D:9      | Reached XP level 11. HP: 72/72 MP: 18/18
 11589 | D:10     | Entered Level 10 of the Dungeon
 11773 | D:10     | Found a staircase to the Lair.
 12119 | D:10     | Found Test's Armour Emporium.
 12129 | D:10     | Found a staircase to the Orcish Mines.
 12157 | D:10     | Bought a +2 hat for 160 gold pieces
 12168 | D:10     | Noticed a hill giant
 12200 | D:10     | Killed a hill giant
 12885 | Lair:1   | Entered Level 1 of the Lair of Beasts
 12931 | Lair:1   | Acquired Makhleb's fourth power
 13731 | Lair:1   | Learned a level 5 spell: Blade Hands
 13964 | Lair:1   | Noticed a five-headed hydra
 14110 | Lair:1   | Killed a five-headed hydra
 14743 | Lair:1   | Reached skill level 13 in Unarmed Combat
 15118 | Lair:2   | Reached XP level 12. HP: 69/81 MP: 19/19
 15185 | Lair:2   | Noticed Fannar
 15218 | Lair:2   | Killed Fannar
 15342 | Lair:2   | Acquired Makhleb's fifth power
 17433 | Lair:4   | Reached skill level 14 in Unarmed Combat
 18823 | Lair:5   | Found a staircase to the Snake Pit.
 18840 | Lair:5   | Reached skill level 1 in Throwing
 18866 | Lair:5   | Noticed Josephine
 18888 | Lair:5   | Killed Josephine
 18947 | Lair:5   | Reached XP level 13. HP: 86/88 MP: 23/23
 19226 | Lair:5   | Found a staircase to the Shoals.
 19241 | Lair:5   | Reached skill level 1 in Ice Magic
 20087 | Lair:5   | Demolished by a death yak

Vault maps used:
D:1:      erik_arrival_blinker_ship
D:2:      minmay_misc_feat_doors, kennysheep_decorative_pillar,
          grunt_ministairs_6, uniq_iyjb
D:3:      zin_treasury, lemuel_round_altar, minmay_misc_feat_alley
D:4:      elyvilon_altar_4, nicolae_overflow_hidden_temple, serial_shops,
          nicolae_shop_trees
D:5:      serial_shops, shop_fountains, first_bread, uniq_grinder
D:6:      slow_altar_2, minmay_temple_entry_enclosed_plants,
          lemuel_flame_loot_1, uniq_menkaure, uniq_duvessa, uniq_eustachio
D:8:      serial_shops, shop, hangedman_pestilent_swarm,
          nicolae_tso_carved_into_rock
D:9:      lightli_temple_of_fire, fungi_pond_lemuel
D:10:     lair_0_dummy, orc_david_3, serial_shops, shop
Temple:   circular_temple_12
Lair:1:   bh_autumn_forest_stairs
Lair:2:   lemuel_fruit_tree, serial_bayou_shore_b, uniq_fannar
Lair:5:   minmay_shoals_entry_hut, guppyfry_snake_entry_island,
          infiniplex_staircase_pool_2, uniq_josephine

Action                   |  1- 3 |  4- 6 |  7- 9 | 10-12 | 13-15 || total
-------------------------+-------+-------+-------+-------+-------++-------
Melee: Unarmed           |    68 |   145 |   207 |   779 |    47 ||  1246
 Fire: Blowgun           |       |       |       |    14 |    10 ||    24
Throw: Tomahawk          |     4 |     3 |     3 |    19 |       ||    29
 Cast: Beastly Appendage |     3 |     9 |     2 |     9 |     1 ||    24
       Spider Form       |     1 |     9 |    19 |    52 |     2 ||    83
       Sticks to Snakes  |       |       |    12 |    14 |       ||    26
       Blade Hands       |       |       |       |     7 |     2 ||     9
       Ice Form          |       |       |       |     3 |       ||     3
Invok: Minor Destruction |       |       |       |     1 |       ||     1
 Abil: End Transformatio |       |       |       |     2 |       ||     2
Evoke: Wand              |       |       |     4 |     4 |       ||     8
  Use: Scroll            |       |    12 |     8 |    16 |       ||    36
       Potion            |       |       |     6 |     5 |     1 ||    12
 Stab: Sleeping          |     2 |     8 |     7 |     9 |     1 ||    27
       Distracted        |       |       |     2 |     3 |       ||     5
  Eat: Chunk             |     3 |     9 |     9 |    32 |     3 ||    56
       Beef jerky        |       |     1 |       |       |       ||     1
       Meat ration       |       |       |     1 |       |       ||     1
       Fruit             |       |       |     3 |     7 |     1 ||    11
       Royal jelly       |       |       |     1 |       |       ||     1
